 Dungeon Crawl Stone Soup version 0.17.1-1-g73c8601 (webtiles) character file.

179 shmeve the Skirmisher (level 5, -3/33 HPs)
             Began as a Gargoyle Berserker on Apr 23, 2016.
             Was a Priest of Trog.
             Slain by wblackke's ghost (6 damage)
             ... on level 3 of the Dungeon.
             The game lasted 00:05:47 (2190 turns).

shmeve the Skirmisher (Gargoyle Berserker)          Turns: 2190, Time: 00:05:47

Health: -3/33      AC:  6    Str: 22    XL:     5   Next: 59%
Magic:  5/5        EV: 12    Int:  7    God:    Trog [***...]
Gold:   115        SH:  4    Dex:  9    Spells: 0 memorised, 4 levels left

rFire  . . .     SeeInvis .     q - +0 war axe
rCold  . . .     Clarity  .     b - +0 animal skin
rNeg   + . .     SustAt   .     j - +0 buckler
rPois  ∞         Gourm    .     (no helmet)
rElec  +         Spirit   .     (no cloak)
rCorr  .         Warding  .     (no gloves)
rMut   .         Stasis   .     (no boots)
MR     ++...                    (no amulet)
Stlth  +.........               (no ring)
                                (no ring)

@: regenerating, very resistant to hostile enchantments, very unstealthy
A: negative energy resistance 1, electricity resistance, unbreathing,
petrification resistance, rot immunity, AC +4
a: Berserk, Trog's Hand, Burn Spellbooks, Renounce Religion


You were on level 3 of the Dungeon.
You worshipped Trog.
Trog was most pleased with you.
You were not hungry.

You visited 1 branch of the dungeon, and saw 3 of its levels.

You collected 115 gold pieces.

Inventory:

Hand Weapons
 q - a +0 war axe (weapon)
Missiles
 i - 15 javelins (quivered)
Armour
 b - a +0 animal skin (worn)
 j - a +0 buckler (worn)
Scrolls
 k - 2 scrolls of noise {unknown}
 m - a scroll of identify {unknown}
 n - a scroll of random uselessness {unknown}
Potions
 d - a potion of curing {unknown}
 e - 2 potions of might {unknown}
 f - 2 potions of agility {unknown}
 g - a potion of haste {unknown}
 h - a potion of lignification {unknown}
 l - a potion of magic {unknown}
Comestibles
 c - 2 bread rations
 o - a beef jerky
 p - 5 chunks of flesh


   Skills:
 * Level 4.1 Fighting
 * Level 3.4 Axes
 + Level 0.5 Throwing
 + Level 2.7 Armour
 + Level 1.9 Dodging
 * Level 3.4 Shields


You had 4 spell levels left.
You didn't know any spells.

Dungeon Overview and Level Annotations

Branches:
Dungeon (3/15)

Altars:

Annotations:
D:3 wblackke's ghost, novice GrIE


Innate Abilities, Weirdness & Mutations

You are resistant to torment.
Your stone body is resilient (AC +4).
You are immune to poison.
You resist negative energy.
You are resistant to electric shocks.
You can survive without breathing.
You are immune to petrification.
You are immune to rotting.


Message History

You closely miss wblackke's ghost.
Wblackke's ghost gestures at you while chanting.
You are frozen.
You hit wblackke's ghost.
Wblackke's ghost is lightly damaged.
Wblackke's ghost hits you but does no damage. x2
You hit wblackke's ghost but do no damage.
Wblackke's ghost is lightly damaged.
You feel the effects of Trog's Hand fading.
Wblackke's ghost barely misses you.
You closely miss wblackke's ghost.
Wblackke's ghost is lightly damaged.
You feel less exhausted.
Wblackke's ghost gestures at you while chanting.
You are frozen.
Wblackke's ghost hits you!
* * * LOW HITPOINT WARNING * * *
You hit wblackke's ghost but do no damage.
Wblackke's ghost is lightly damaged.
Wblackke's ghost hits you.
You die...

.. .. .# .# ..
.# #' ##### .#
#.# #...###W#
#.# #.....@.#
##.###...#####
##...###.## #.
#.....##.#
#..##...###.#
#..........#
#.####.######
#.# #.#


You could see wblackke's ghost.

Vanquished Creatures
  2 orc wizards (D:3)
  4 adders (D:2)
  A gnoll (D:1)
  A worm (D:2)
  A giant gecko (D:1)
  6 orcs (D:3)
  4 bats
  3 giant cockroaches
  9 goblins
  10 hobgoblins
  10 jackals
  4 kobolds
  2 quokkas (D:2)
  5 giant newts
  10 rats
72 creatures vanquished.

Notes
Turn   | Place    | Note
--------------------------------------------------------------
     0 | D:1      | shmeve the Gargoyle Berserker began the quest for the Orb.
     0 | D:1      | Reached XP level 1. HP: 14/14 MP: 1/1
   141 | D:1      | Reached XP level 2. HP: 5/19 MP: 2/2
   801 | D:1      | Reached XP level 3. HP: 24/24 MP: 3/3
   947 | D:1      | Reached ** piety under Trog
   984 | D:1      | Reached skill level 1 in Shields
  1408 | D:2      | Reached XP level 4. HP: 3/29 MP: 4/4
  1846 | D:2      | Reached *** piety under Trog
  2107 | D:3      | Reached XP level 5. HP: 30/33 MP: 5/5
  2133 | D:3      | Reached skill level 4 in Fighting
  2184 | D:3      | Noticed wblackke's ghost (novice GrIE)
  2190 | D:3      | Slain by wblackke's ghost

Action                   |  1- 3 |  4- 6 || total
-------------------------+-------+-------++-------
Melee: Hand axe          |   156 |    67 ||   223
       War axe           |       |     5 ||     5
Invok: Berserk           |       |     2 ||     2
       Trog's Hand       |       |     1 ||     1
  Eat: Chunk             |     2 |     5 ||     7
